Map: Ascension to Aiur LE

Players

lllIIIlllIII

  • Race: Protoss Protoss
  • League: Master
  • Spawn Location: 11:00

akira - Winner!

  • Race: Protoss Protoss
  • League: Master
  • Spawn Location: 5:00

VOD

Have the link to the VOD?

Description

Time

  • Played on: Nov. 9, 2017, 3:28 p.m.
  • Length: 8:03
Show
View Real Time Build Order
Export as new Build Order

lllIIIlllIII Protoss 

Build Orders:  

Get SALT Encoding   

  12  0:01  Probe (Chrono Boost)  
  13  0:12  Probe (Chrono Boost)  
  14  0:18  Pylon  
  14  0:22  Probe (Chrono Boost)  
  15  0:36  Probe (Chrono Boost)  
  15  0:37  Gateway  
  16  0:47  Probe (Chrono Boost)  
  16  0:48  Assimilator  
  17  0:52  Assimilator  
  17  0:57  Probe (Chrono Boost)  
  18  1:07  Gateway  
  18  1:08  Probe (Chrono Boost)  
  19  1:18  Probe (Chrono Boost)  
  19  1:25  Cybernetics Core  
  20  1:29  Probe (Chrono Boost)  
  21  1:39  Pylon  
  22  1:40  Probe (Chrono Boost)  
  22  1:50  Probe (Chrono Boost)  
  23  2:00  Probe (Chrono Boost)  
  24  2:02  Warp Gate (Chrono Boost), Adept x2  
  28  2:12  Mothership Core  
  30  2:15  Pylon  
  30  2:33  Stalker x2  
  34  2:52  Nexus  
  34  3:04  Sentry  
  36  3:13  Robotics Facility  
  36  3:14  Probe  
  37  3:26  Probe  
  38  3:37  Pylon  
  38  3:38  Probe (Chrono Boost)  
  39  3:55  Twilight Council, Probe (Chrono Boost)  
  40  3:57  Sentry, Stalker  
  44  4:05  Warp Prism (Chrono Boost), Probe (Chrono Boost)  
  44  4:06  Probe  
  48  4:17  Probe x2  
  50  4:27  Probe  
  50  4:28  Pylon  
  50  4:29  Probe  
  50  4:30  Adept  
  50  4:31  Adept  
  56  4:37  Blink (Chrono Boost)  
  56  4:38  Probe  
  56  4:41  Observer (Chrono Boost)  
  56  4:42  Probe  
  59  4:49  Probe  
  60  4:54  Probe  
  60  4:59  Probe  
  61  5:04  Pylon  
  61  5:06  Probe  
  55  5:31  Probe  
  55  5:32  Probe  
  55  5:35  Nexus  
  55  5:39  Observer (Chrono Boost), Gateway x2  
  56  5:43  Probe  
  56  5:44  Probe  
  58  5:55  Pylon, Probe  
  58  5:56  Probe  
  60  5:57  Sentry x2  
  60  5:59  Immortal (Chrono Boost)  
  68  6:07  Probe  
  68  6:08  Pylon, Probe  
  70  6:20  Probe x2  
  72  6:27  Assimilator x2  
  72  6:32  Probe  
  72  6:33  Probe  
  72  6:39  Forge  
  74  6:40  Stalker x2  
  74  6:41  Stalker x2  
  82  6:47  Probe x3  
  76  7:16  Stalker x2  
  76  7:17  Stalker x2  
  82  7:29  Probe x2  
  81  7:41  Probe  
  81  7:42  Stalker  
  78  7:47  Pylon  
  77  7:55  Pylon  
Show
View Real Time Build Order
Export as new Build Order

akira Protoss - Winner!

Build Orders:  

Get SALT Encoding   

  12  0:00  Probe (Chrono Boost)  
  13  0:11  Probe (Chrono Boost)  
  14  0:19  Pylon  
  14  0:22  Probe (Chrono Boost)  
  15  0:37  Probe (Chrono Boost), Gateway  
  16  0:47  Probe (Chrono Boost)  
  16  0:48  Assimilator  
  17  0:53  Assimilator  
  17  1:00  Probe (Chrono Boost)  
  18  1:05  Gateway  
  18  1:10  Probe (Chrono Boost)  
  19  1:21  Probe (Chrono Boost)  
  19  1:24  Cybernetics Core  
  20  1:31  Probe (Chrono Boost)  
  21  1:42  Probe (Chrono Boost)  
  21  1:46  Pylon  
  22  1:52  Probe (Chrono Boost)  
  23  2:02  Warp Gate  
  23  2:04  Probe (Chrono Boost)  
  23  2:05  Stalker  
  26  2:08  Stalker  
  26  2:14  Probe (Chrono Boost)  
  29  2:21  Pylon  
  29  2:26  Probe (Chrono Boost)  
  30  2:47  Nexus  
  30  2:48  Probe (Chrono Boost)  
  31  2:56  Stalker  
  34  2:58  Probe (Chrono Boost)  
  34  3:06  Stalker  
  34  3:11  Probe (Chrono Boost)  
  36  3:15  Pylon  
  36  3:28  Sentry  
  38  3:36  Sentry  
  38  3:39  Mothership Core (Chrono Boost)  
  42  3:42  Robotics Facility  
  42  3:57  Probe (Chrono Boost)  
  42  4:00  Probe (Chrono Boost)  
  42  4:02  Twilight Council  
  44  4:08  Probe (Chrono Boost)  
  45  4:11  Probe (Chrono Boost)  
  45  4:16  Pylon  
  46  4:19  Probe (Chrono Boost)  
  46  4:21  Probe (Chrono Boost)  
  48  4:28  Stalker x2  
  48  4:29  Probe (Chrono Boost)  
  48  4:31  Observer  
  54  4:32  Probe (Chrono Boost)  
  55  4:40  Probe (Chrono Boost)  
  55  4:43  Assimilator  
  55  4:44  Assimilator  
  56  4:46  Blink (Chrono Boost), Probe (Chrono Boost)  
  56  4:50  Probe (Chrono Boost)  
  58  4:54  Pylon  
  58  4:58  Probe (Chrono Boost)  
  59  5:03  Immortal  
  63  5:09  Probe x2 (Chrono Boost)  
  65  5:22  Probe (Chrono Boost)  
  65  5:26  Probe (Chrono Boost)  
  63  5:34  Probe (Chrono Boost)  
  64  5:36  Probe (Chrono Boost)  
  64  5:42  Gateway  
  69  5:43  Gateway  
  69  5:44  Gateway  
  69  5:45  Gateway  
  69  5:51  Warp Prism  
  67  5:57  Stalker x2  
  67  5:59  Probe  
  67  6:02  Pylon  
  72  6:10  Pylon  
  72  6:19  Nexus  
  72  6:20  Pylon  
  72  6:21  Probe  
  72  6:22  Probe  
  72  6:25  Observer  
  75  6:38  Probe x2  
  77  6:45  Forge  
  77  6:48  Stalker x4  
  77  6:50  Stalker, Probe  
  77  6:52  Probe  
  89  7:02  Probe  
  90  7:14  Probe  
  91  7:16  Probe  
  92  7:26  Probe  
  91  7:30  Stalker x2  
  91  7:31  Stalker x4  
  91  7:34  Probe  
  91  7:35  Probe  
  105  7:38  Probe  
  100  7:46  Probe x2  
  102  7:52  Robotics Bay  
  102  7:57  Stalker  
  102  7:58  Stalker  
  106  8:01  Stalker  
Tags
 
Add a new tag
Caveats
  • Supply blocks, unpowered buildings, or Contaminate may cause inaccurate times.
  • Supply counts are checked every 10 seconds.